 Dungeon Crawl Stone Soup version 0.31-a0-263-ge8cad7f256 (webtiles) character file.

Game seed: 5603591955279315082

246 qw the Shooter (level 5, 0/45 HPs)
             Began as a Minotaur Hexslinger on July 13, 2023.
             Slain by an orc wizard
             ... wielding a +0 dagger
              (2 damage)
             ... on level 4 of the Dungeon.
             The game lasted 00:00:58 (2236 turns).

qw the Shooter (Minotaur Hexslinger)                Turns: 2236, Time: 00:00:59

Health: 0/45       AC:  4    Str: 12    XL:     5   Next: 84%
Magic:  5/5        EV: 12    Int: 10    God:
Gold:   74         SH:  0    Dex: 15    Spells: 5/6 levels left

rFire   . . .        Y - +1 sling
rCold   . . .        (no shield)
rNeg    . . .        c - +2 robe {Will+}
rPois   .            (helmet restricted)
rElec   .            (no cloak)
rCorr   .            (no gloves)
SInv    .            (no boots)
Will    +....        (no amulet)
Stlth   +            (no ring)
HPRegen 0.27/turn    (no ring)
MPRegen 0.09/turn

%: no passive effects
@: no status effects
A: horns 2, retaliatory headbutt
a: no special abilities


You were on level 4 of the Dungeon.
You visited 1 branch of the dungeon, and saw 4 of its levels.

You collected 74 gold pieces.


Innate Abilities, Weirdness & Mutations

You have a pair of horns on your head.
You reflexively headbutt those who attack you in melee.


   Skills:
 + Level 3.4 Fighting
 - Level 6.0 Ranged Weapons
 - Level 1.0 Armour
 - Level 2.1 Dodging
 - Level 1.0 Spellcasting
 - Level 2.0 Hexes


You had 5 spell levels left.
You knew the following spells:

 Your Spells              Type           Power      Damage    Failure   Level
a - Slow                  Hex            16%        N/A       16%         1

Your spell library contained the following spells:

 Spells                   Type           Power      Damage    Failure   Level
 Inner Flame              Hex/Fire       2%         N/A       56%         3
 Portal Projectile        Hex/Tloc       4%         N/A       56%         3
 Cause Fear               Hex            2%         N/A       83%         4

Inventory:

Hand Weapons
 Y - a +1 sling (weapon)
Armour
 c - a +2 robe of willpower (worn)
Jewellery
 i - an amulet of magic regeneration
Scrolls
 j - a scroll of identify
Potions
 a - a potion of ambrosia {unknown}
 b - a potion of enlightenment {unknown}
 d - a potion of magic {unknown}
 e - a potion of might {unknown}
 f - a potion of cancellation {unknown}
 g - a potion of mutation {unknown}
 h - a potion of degeneration {unknown}

Dungeon Overview and Level Annotations

Branches:
Dungeon (4/15)
 Temple: D:4-7

Altars:
Makhleb
Ru
Trog
Vehumet

Shops:
D:2 (


Message History

The orc is severely wounded.
The orc hits you with a +0 hand axe. The goblin barely misses you.
The goblin hits you but does no damage. x2
You shoot a sling bullet.
The sling bullet hits the orc but does no damage.
The orc is severely wounded.
The goblin hits you with a +0 dagger. The goblin misses you.
The goblin hits you with a +0 dagger.
You shoot a sling bullet. The sling bullet hits the orc wizard.
The orc wizard is severely wounded.
The goblin hits you with a +0 dagger. The goblin hits you with a +0 club.
The goblin hits you but does no damage.
You shoot a sling bullet.
The sling bullet hits the orc wizard but does no damage.
The orc wizard is severely wounded.
The goblin hits you with a +0 dagger. The goblin hits you but does no damage.
The goblin closely misses you.
You shoot a sling bullet.
The sling bullet closely misses the orc wizard.
The goblin hits you but does no damage. The goblin hits you with a +0 club.
The goblin barely misses you. The orc wizard closely misses you.
The orc wizard hits you with a +0 dagger.
The goblin hits you with a +0 dagger.
A black bear comes into view.
The goblin barely misses you. You furiously retaliate!
You headbutt the goblin!
You kill the goblin!
The goblin closely misses you.
You shoot a sling bullet. The black bear growls angrily.
The sling bullet hits the orc wizard but does no damage.
The orc wizard is heavily wounded.
You hear a shout!
The orc wizard mumbles some strange words.
The orc wizard flickers and vanishes!
Deactivating autopickup; reactivate with Ctrl-A.
The goblin hits you but does no damage. The goblin closely misses you.
You shoot a sling bullet. The sling bullet hits the orc.
The orc is almost dead.
Something hits you.
You die...

..........+
..........#
.........#
....h...+ #......#
#......######
#...........#
#.........o.#
###'###..@g)#
#..>..#.#g{.#
#.......#o#)#
###...##..g....
#..........#.....
##.###.#....#....#.
#...........# .....
###.....##....
..##.
#..........#.# ..


You could see a black bear, 2 orcs, a hobgoblin and 2 goblins.

Vanquished Creatures
  A crimson imp (D:3)
  Jessica (D:3)
  Natasha (twice) (D:3)
  6 adders
  3 dart slugs
  2 orcs (D:4)
  5 bats
  4 endoplasms
  10 giant cockroaches
  13 goblins
  4 hobgoblins
  3 jackals (D:2)
  7 kobolds
  2 quokkas (D:1)
  A ball python (D:3)
  2 frilled lizards
  3 rats
69 creatures vanquished.

Notes
Turn   | Place    | Note
-------+----------+-------------------------------------------
     0 | D:1      | qw the Minotaur Hexslinger began the quest for the Orb.
     0 | D:1      | Reached XP level 1. HP: 16/16 MP: 1/1
     0 | D:1      | 0 ||| qw: Version: 0.3-a-52-g30416fa
     0 | D:1      | 0 ||| qw: Game counter: 7449
     0 | D:1      | 0 ||| qw: Melee chars always use a shield: true
     0 | D:1      | 0 ||| qw: God list: Okawaru
     0 | D:1      | 0 ||| qw: Allow faded altars: false
     0 | D:1      | 0 ||| qw: Do Orc after clearing Dungeon:15 true
     0 | D:1      | 0 ||| qw: Do second Lair branch before Depths: true
     0 | D:1      | 0 ||| qw: Lair rune preference: random
     0 | D:1      | 0 ||| qw: Goals: Normal
     0 | D:1      | 0 ||| PLANNING D:1-11
     1 | D:1      | Noticed an electric eel
   185 | D:1      | Reached skill level 3 in Ranged Weapons
   185 | D:1      | Reached XP level 2. HP: 23/23 MP: 2/2
   433 | D:1      | 433 ||| UPGRADING to +0 ring mail.
   443 | D:1      | 443 ||| DROPPING +0 robe.
   444 | D:1      | 444 ||| READING scroll labelled IDOURE FADYCLY.
   545 | D:1      | 545 ||| DRINKING 3 red potions.
   546 | D:1      | 546 ||| DROPPING scroll of poison.
   547 | D:1      | 547 ||| DROPPING 2 potions of attraction.
   612 | D:2      | Found a faded altar of an unknown god.
   628 | D:2      | Reached XP level 3. HP: 30/30 MP: 3/3
   736 | D:2      | HP: 6/30 [adder (2)]
   738 | D:2      | Reached skill level 4 in Ranged Weapons
   872 | D:2      | Reached XP level 4. HP: 37/37 MP: 4/4
   905 | D:2      | Reached skill level 1 in Armour
   968 | D:2      | Found Dabom's Weapon Boutique.
  1236 | D:2      | 1236 ||| READING scroll labelled FOGGISHR CUGO.
  1237 | D:2      | 1237 ||| READING scroll labelled OHADIODGHILATE.
  1238 | D:2      | 1238 ||| READING scroll labelled NECREA LUROIRU.
  1239 | D:2      | 1239 ||| DRINKING 2 fizzy golden potions.
  1240 | D:2      | 1240 ||| DROPPING potion of brilliance.
  1407 | D:3      | Noticed Jessica
  1419 | D:3      | Killed Jessica
  1420 | D:3      | Reached skill level 5 in Ranged Weapons
  1498 | D:3      | Found a burning altar of Makhleb.
  1499 | D:3      | Found a radiant altar of Vehumet.
  1510 | D:3      | Reached skill level 3 in Fighting
  1510 | D:3      | Reached XP level 5. HP: 40/45 MP: 5/5
  1640 | D:3      | Found a sacrificial altar of Ru.
  1787 | D:3      | Found a bloodstained altar of Trog.
  1806 | D:3      | Noticed Natasha
  1811 | D:3      | Killed Natasha
  2068 | D:3      | 2068 ||| UPGRADING to +2 robe of willpower.
  2078 | D:3      | 2078 ||| DROPPING +0 ring mail.
  2117 | D:3      | Noticed Natasha
  2122 | D:3      | Killed Natasha
  2215 | D:4      | 2215 ||| Stepping ~*~*~tactically~*~*~ (outnumbered).
  2222 | D:4      | Reached skill level 6 in Ranged Weapons
  2231 | D:4      | HP: 11/45 [goblin/+0 dagger[Robin] (1)]
  2234 | D:4      | HP: 5/45 [goblin/+0 club[Robin] (2)]
  2234 | D:4      | HP: 1/45 [goblin/+0 dagger[Robin] (3)]
  2234 | D:4      | Noticed a black bear
  2236 | D:4      | Slain by an orc wizard

Levels and vault maps discovered:
D:1:      arrival_aquarium_a, layout_rooms, grunt_decor_cap
D:2:      layout_basic, ebering_ecumenical_altar_petrified, serial_shops, shop,
          ebering_dispersal_statue_hall, minmay_worlds_worst_comb
D:3:      layout_loops_ring, grunt_temple_overflow_lords_of_destruction,
          trog_book, mainiacjoe_overflow_tiny_flanked, uniq_jessica,
          uniq_natasha
D:4:      nicolae_cairo_tiling_large_dashed, layout_gridville,
          kennysheep_small_spiral, minmay_misc_feat_hallway, uniq_robin,
          uniq_sigmund, uniq_blork_the_orc, uniq_menkaure

Skill      XL: |  1  2  3  4  5 |
---------------+----------------+-----
Ranged Weapons | 3 4 5 6 |  6.0
Fighting       | 2 3 |  3.4
Armour         | 1 |  1.0
Dodging        | |  2.1
Spellcasting   | |  1.0
Hexes          | |  2.0

Action                     |  1- 3 |  4- 6 || total
---------------------------+-------+-------++-------
   Fire: Sling             |    92 |   134 ||   226
    Use: Scroll            |     1 |     3 ||     4
         Potion            |     1 |     1 ||     2
 Armour: Ring mail         |    22 |    21 ||    43
         Robe              |       |    16 ||    16
  Dodge: Dodged            |    39 |    76 ||   115

Table legend:
 A = Non-vault XP
 B = Vault XP
 C = Vault XP percentage of total XP
 D = Non-vault monster count
 E = Vault monster count
 F = Vault count percentage of total count
                 A         B        C        D         E       F
            +---------+---------+-------+---------+---------+-------
      Total |     202 |     150 |  42.6 |      52 |      17 |  24.6
            +---------+---------+-------+---------+---------+-------
        D:1 |      21 |       0 |   0.0 |      11 |       0 |   0.0
        D:2 |     101 |      14 |  12.2 |      23 |       7 |  23.3
        D:3 |      72 |     122 |  62.9 |      15 |       3 |  16.7
        D:4 |       8 |      14 |  63.6 |       3 |       7 |  70.0
            +---------+---------+-------+---------+---------+-------
